 Dungeon Crawl Stone Soup version 0.28.0-47-ge53b351184 (webtiles) character file.

Game seed: 10186430846333655404

56 nickcage the Chiller (level 3, 0/19 HPs)
             Began as a Deep Elf Ice Elementalist on May 2, 2022.
             Slain by a goblin
             ... wielding a +0 club
             ... led by Robin
              (6 damage)
             ... on level 2 of the Dungeon.
             The game lasted 00:05:22 (1470 turns).

nickcage the Chiller (Deep Elf Ice Elementalist)    Turns: 1470, Time: 00:05:23

Health: 0/19       AC:  2    Str:  5    XL:     3   Next: 71%
Magic:  10/10      EV: 12    Int: 21    God:
Gold:   46         SH:  0    Dex: 15    Spells: 2/9 levels left

rFire   . . .      SeeInvis .   b - +0 dagger
rCold   . . .      Faith    .   (no shield)
rNeg    . . .      Spirit   .   a - +0 robe
rPois   .          Reflect  .   (no helmet)
rElec   .          Harm     .   (no cloak)
rCorr   .          Rampage  .   (no gloves)
Will    .....                   (no boots)
Stlth   ++........              (no amulet)
HPRegen 0.06/turn               (no ring)
MPRegen 0.12/turn               (no ring)

@: no status effects
A: no striking features
a: no special abilities


You were on level 2 of the Dungeon.
You visited 1 branch of the dungeon, and saw 2 of its levels.

You collected 46 gold pieces.

Inventory:

Hand Weapons
 b - a +0 dagger (weapon)
Armour
 a - a +0 robe (worn)
 c - a +0 buckler
Potions
 d - a potion of degeneration {unknown}
 f - a potion of attraction


   Skills:
 - Level 2.4 Dodging
 - Level 2.4 Stealth
 + Level 3.9 Spellcasting
 + Level 5.5 Ice Magic


You had 2 spell levels left.
You knew the following spells:

 Your Spells              Type           Power      Damage    Failure   Level
a - Freeze                Ice            100%       1d11      1%          1
b - Frozen Ramparts       Ice            54%        1d7       3%          3
c - Ozocubu's Armour      Ice            27%        N/A       3%          3

Your spell library contained the following spells:

 Spells                   Type           Power      Damage    Failure   Level
 Hailstorm                Conj/Ice       15%        3d5       36%         4


Dungeon Overview and Level Annotations

Branches:
Dungeon (2/15)

Altars:
Nemelex Xobeh

Annotations:
D:2 Robin


Message History

The adder barely misses you.
You freeze the adder!
The adder is almost dead.
The adder bites you. x2
You freeze the adder.
You kill the adder!
A hobgoblin comes into view.
Robin and a goblin come into view.
The hobgoblin shouts!
You hear a shout! x2
A goblin comes into view. It is wielding a +0 club.
A goblin comes into view.
It is wielding a +0 dagger. 2 goblins come into view.
Robin throws the goblin at you!
The hobgoblin shouts!
The goblin shouts!
The goblin hits you but does no damage. Robin throws the goblin at you!
The goblin shouts!
The goblin shouts!
You hit the goblin.
The goblin is heavily wounded.
The goblin unwields a +0 club.
The goblin wields a +0 hunting sling.
The goblin shoots a stone.
The stone hits you but does no damage.
A goblin comes into view. It is wielding a +0 dagger.
The goblin barely misses you. The goblin closely misses you.
Robin hits you from afar with a +0 spear.
The goblin barely misses you. The goblin hits you but does no damage.
The goblin closely misses you.
The goblin shoots a stone.
The stone hits you but does no damage.
The goblin shoots a stone.
The stone barely misses you. Robin misses you.
Robin roars a battlecry!
The goblins go into a battle-frenzy!
The goblin shouts!
Robin throws the goblin at you!
The goblin unwields a +0 hunting sling.
The goblin wields a +0 club.
The goblin closely misses you. Robin throws the goblin at you!
The goblin hits you with a +0 club.
You see here an adder skeleton.
The goblin hits you with a +0 club. The goblin closely misses you.
There is a stone staircase leading up, spattered with blood here.
The goblin hits you with a +0 club.
You die...

.............# .#
..............####.#
...........g..#....#
...................
....#......##..###. # #.
##ggg.###...... #..###.
##.##.....†....
.......###..gg..........
......)@gg.g.###........
.......ggg#.## #.....#.#
.......#..#..# #....##.#
.....###.###.# ###...# #
..<.. #(! .# ##.....
.... .$.# .. ..... ##.
###.# #.. ...#. #. !# #
.. #


You could see a hobgoblin (strong) and 7 goblins.

Vanquished Creatures
  2 adders (D:2)
  A dart slug (D:1)
  3 bats
  4 endoplasms
  A giant cockroach (D:1)
  5 goblins
  3 hobgoblins
  2 jackals (D:1)
  2 kobolds (D:1)
  A quokka (D:2)
  4 ball pythons (D:1)
  3 frilled lizards
  2 rats
33 creatures vanquished.

Notes
Turn   | Place    | Note
-------+----------+-------------------------------------------
     0 | D:1      | nickcage the Deep Elf Ice Elementalist began the quest for
                  | the Orb.
     0 | D:1      | Reached XP level 1. HP: 10/10 MP: 6/6
    50 | D:1      | Found a faded altar of an unknown god.
   158 | D:1      | Reached XP level 2. HP: 15/15 MP: 6/8
   311 | D:1      | Reached skill level 5 in Ice Magic
  1159 | D:2      | Reached XP level 3. HP: 19/19 MP: 6/9
  1228 | D:2      | Learned a level 3 spell: Frozen Ramparts
  1234 | D:2      | Learned a level 3 spell: Ozocubu's Armour
  1260 | D:2      | Found a sparkling altar of Nemelex Xobeh.
  1456 | D:2      | Noticed Robin
  1470 | D:2      | Slain by a goblin

Illustrated notes

Levels and vault maps discovered:
D:1:      wander_arrival_desolate, layout_loops_corners,
          chequers_ecumenical_altar_simple_redux
D:2:      layout_rooms, basic_altar, minmay_pentomino_t4, uniq_robin,
          uniq_jessica

Skill      XL: |  1  2 |
---------------+-------+-----
Ice Magic      | 5 |  5.5
Dodging        | |  2.4
Stealth        | |  2.4
Spellcasting   | |  3.9

Action                   || total
-------------------------++-------
Melee: Dagger            ||    10
 Cast: Freeze            ||    45
  Use: Scroll            ||     3
 Stab: Sleeping          ||     4
Armor: Robe              ||    16
Dodge: Dodged            ||    32
